 Dungeon Crawl Stone Soup version 0.30.1-3-gfc49f6343a (webtiles) character file.

Game seed: 8986614038178151199

135 LynnLen the Sneak (level 4, -4/21 HPs)
             Began as a Spriggan Enchanter on July 20, 2023.
             Slain by an ogre
             ... wielding a +0 giant club
              (25 damage)
             ... on level 3 of the Dungeon.
             The game lasted 00:06:54 (2188 turns).

LynnLen the Sneak (Spriggan Enchanter)              Turns: 2188, Time: 00:06:54

Health: -4/21      AC:  3    Str:  4    XL:     4   Next: 96%
Magic:  10/10      EV: 17    Int: 18    God:
Gold:   186        SH:  0    Dex: 15    Spells: 2/10 levels left

rFire   . . .        i - +2 short sword (elec)
rCold   . . .        (no shield)
rNeg    . . .        b - +0 robe
rPois   .            (helmet restricted)
rElec   .            m - +0 cloak {Stlth+}
rCorr   .            (gloves unavailable)
SInv    +            (boots unavailable)
Will    .....        (no amulet)
Stlth   ++++         (no ring)
HPRegen 0.23/turn    (no ring)
MPRegen 0.12/turn

%: no passive effects
@: very quick
A: very small, no large weapons, unfitting armour, see invisible, speed 3
a: no special abilities


You were on level 3 of the Dungeon.
You visited 1 branch of the dungeon, and saw 3 of its levels.

You collected 186 gold pieces.

Inventory:

Hand Weapons
 i - a +2 short sword of electrocution (weapon)
Armour
 b - a +0 robe (worn)
 m - a +0 cloak of stealth (worn)
Scrolls
 d - 3 scrolls of identify
 j - a scroll of summoning {unknown}
 k - a scroll of fog {unknown}
 n - a scroll of magic mapping {unknown}
Potions
 a - a potion of degeneration {unknown}
 c - 3 potions of invisibility
 e - 3 potions of attraction
 f - 2 potions of might {unknown}
 g - a potion of flight {unknown}
 h - 5 potions of curing
 l - 3 potions of heal wounds {unknown}
 o - a potion of haste {unknown}


   Skills:
 + Level 2.3 Short Blades
 - Level 2.6 Dodging
 * Level 6.2 Stealth
 + Level 3.5 Spellcasting
 + Level 4.4 Hexes
 + Level 1.2 Ice Magic


You had 2 spell levels left.
You knew the following spells:

 Your Spells              Type           Power      Damage    Failure   Level
a - Ensorcelled Hibernat  Hex/Ice        26%        N/A       8%          2
b - Confusing Touch       Hex            19%        N/A       8%          3
c - Tukima's Dance        Hex            19%        N/A       8%          3

Your spell library contained the following spells:

 Spells                   Type           Power      Damage    Failure   Level
 Dazzling Flash           Conj/Hex       22%        N/A       19%         3


Dungeon Overview and Level Annotations

Branches:
Dungeon (3/15)

Altars:
Trog


Innate Abilities, Weirdness & Mutations

You are very small and have problems with some larger weapons.
You are too small for most types of armour.
You have supernaturally acute eyesight. (SInv)
You cover ground extremely quickly. (Speed+++)


Message History

d - 2 scrolls of identify (gained 1)
You now have 175 gold pieces (gained 11).
The hobgoblin shouts!
You hit the hobgoblin but do no damage. The hobgoblin hits you.
You barely miss the hobgoblin. Your punch misses the hobgoblin.
The hobgoblin closely misses you.
You closely miss the hobgoblin. The hobgoblin completely misses you.
You hit the hobgoblin but do no damage. The hobgoblin barely misses you.
You hit the hobgoblin.
The hobgoblin is almost dead.
The hobgoblin hits you but does no damage.
You hit the hobgoblin.
Lightning courses through the hobgoblin!!
You kill the hobgoblin!
Things that are here:
a bat corpse; a giant cockroach corpse; a hobgoblin corpse
Things that are here:
a +0 dagger; a goblin corpse You open the door.
There is an open door here.
Found a robe.
Found a stone staircase leading up.
n - a scroll labelled EHOENN HEUSIO
l - 3 sedimented amethyst potions (gained 1)
There is an open door here.
You now have 186 gold pieces (gained 11).
There is an open door here.
An adder comes into view.
The helpless adder fails to defend itself.
You impale the adder!!
You kill the adder!
d - 3 scrolls of identify (gained 1)
o - a puce potion An ogre comes into view.
It is wielding a +0 giant club.
An ogre is nearby!
An ogre is nearby!
The ogre shouts!
The ogre hits you with a +0 giant club!!
Ouch! That really hurt!
You die...

###......>#
#.........#
###.#.......#
##.<.#.......#
...###.......#
####
##.#############
..# #.....# ####
##O....#
#..@.!.# .#
#.##.### #.## ..
##.# . ... # ...
#..# #.. #...#.
#.## .. .. #.
#.# .#.#.# #.##
#.#
#+.....+##..#
#.#
..#####...#.#
#.#


You could see an ogre.

Vanquished Creatures
  A gnoll (D:2)
  5 adders
  2 dart slugs
  3 orcs (D:3)
  9 bats
  4 endoplasms
  6 giant cockroaches
  5 goblins
  6 hobgoblins
  4 jackals
  A quokka (D:1)
  8 ball pythons
  2 frilled lizards
  5 kobolds
  10 rats
71 creatures vanquished.

Notes
Turn   | Place    | Note
-------+----------+-------------------------------------------
     0 | D:1      | LynnLen the Spriggan Enchanter began the quest for the Orb.
     0 | D:1      | Reached XP level 1. HP: 9/9 MP: 5/5
   162 | D:1      | Reached XP level 2. HP: 12/13 MP: 6/6
   165 | D:1      | Learned a level 2 spell: Ensorcelled Hibernation
   362 | D:1      | Reached skill level 5 in Stealth
   522 | D:1      | Reached XP level 3. HP: 16/16 MP: 8/8
   526 | D:1      | Learned a level 3 spell: Confusing Touch
   530 | D:1      | Learned a level 3 spell: Tukima's Dance
  1056 | D:2      | Found a faded altar of an unknown god.
  1201 | D:2      | Found a bloodstained altar of Trog.
  1640 | D:2      | Reached XP level 4. HP: 17/21 MP: 2/9
  2016 | D:3      | Identified the +6 hand axe "Tiem" {spect, *Noise Dex+9}
  2053 | D:3      | Reached skill level 1 in Ice Magic
  2063 | D:3      | Reached skill level 6 in Stealth
  2186 | D:3      | Noticed an ogre
  2188 | D:3      | Slain by an ogre

Illustrated notes

Levels and vault maps discovered:
D:1:      ebering_trefoil_twist, layout_loops_ring, minmay_tiny_reverse_x
D:2:      layout_basic, basic_altar, shapermc_ecumenical_altar_ellora,
          minmay_randomly_rotated_circles
D:3:      layout_rooms, glass_columns_b, chequers_arboretum,
          minmay_fractal_squares_diagonal_5

Skill      XL: |  1  2  3  4 |
---------------+-------------+-----
Stealth        | 5 6 |  6.2
Spellcasting   | 3 |  3.5
Hexes          | 4 |  4.4
Short Blades   | 2 |  2.3
Ice Magic      | 1 |  1.2
Dodging        | |  2.6

Action                     |  1- 3 |  4- 6 || total
---------------------------+-------+-------++-------
  Melee: Dagger            |    42 |       ||    42
         Short sword       |    59 |    39 ||    98
         Punch             |     1 |       ||     1
   Cast: Ensorcelled Hiber |     5 |     2 ||     7
    Use: Scroll            |     1 |     2 ||     3
   Stab: Sleeping          |    14 |     9 ||    23
 Armour: Robe              |    16 |     1 ||    17
  Dodge: Dodged            |    72 |    10 ||    82
